 Dungeon Crawl Stone Soup version 0.14-a0-155-gd989017 (webtiles) character file.

873 Malachi the Slasher (level 7, -5/45 HPs)
             Began as a High Elf Skald on Oct 5, 2013.
             Was an Initiate of Okawaru.
             Slain by Prince Ribbit (17 damage)
             ... on Level 5 of the Dungeon.
             The game lasted 00:19:04 (6294 turns).

Malachi the Slasher (High Elf Skald)                Turns: 6294, Time: 00:19:04

HP  -5/45        AC  5     Str 11      XL: 7   Next: 29%
MP   4/18        EV  9     Int 17      God: Okawaru [......]
Gold 219         SH  0     Dex 16      Spells:  5 memorised,  0 levels left

Res.Fire  : . . .   See Invis. : .   a - +0,+1 elf falchion (curse)
Res.Cold  : . . .   Warding    : .   g - +0 elf ring mail (curse)
Life Prot.: . . .   Conserve   : .   (no shield)
Res.Poison: .       Res.Corr.  : .   (no helmet)
Res.Elec. : .       Clarity    : .   (no cloak)
Sust.Abil.: . .     Spirit.Shd : .   (no gloves)
Res.Mut.  : .       Stasis     : .   (no boots)
Res.Rott. : .       Flight     : .   (no amulet)
Saprovore : . . .                    (no ring)
                                     (no ring)

@: very slightly contaminated, slightly resistant to hostile enchantments, very
unstealthy
A: no striking features
a: Renounce Religion


You were on level 5 of the Dungeon.
You worshipped Okawaru.
Okawaru was noncommittal.
You were hungry.

You visited 1 branch of the dungeon, and saw 5 of its levels.
You also visited: Sewer.

You collected 199 gold pieces.

Inventory:

Hand weapons
 a - a cursed +0,+1 elven falchion (weapon)
 p - a +0 blowgun
Missiles
 r - 19 poisoned needles
Armour
 b - a +0 elven leather armour
 g - a cursed +0 elven ring mail (worn)
Comestibles
 d - 4 bread rations
 t - 3 meat rations
 x - a choko
 z - a pear
Scrolls
 h - 4 scrolls of remove curse
 k - 2 scrolls of magic mapping
 m - a scroll of teleportation
 s - a scroll of enchant weapon II
 v - a scroll of identify
 C - a scroll of amnesia
Jewellery
 l - an uncursed ring of ice
 o - an uncursed ring of fire
 y - an uncursed amulet of clarity {unknown}
Potions
 f - a potion of brilliance
 i - 2 potions of might {unknown}
 j - 4 potions of curing
 n - a potion of magic
 q - a potion of speed
 u - 2 potions of restore abilities
 w - a potion of heal wounds {unknown}
Books
 c - a book of Battle

   Spells                             Type                      Level
   *Infusion                          Charms                       1
   *Shroud of Golubria                Charms/Translocation         2
   *Song of Slaying                   Charms                       2
   *Spectral Weapon                   Hexes/Charms                 3
   *Regeneration                      Charms/Necromancy            3
   Song of Shielding                  Charms                       4
 e - a book of Maledictions

   Spells                             Type                      Level
   Corona                             Hexes                        1
   Sure Blade                         Hexes/Charms                 2
   Ensorcelled Hibernation            Hexes/Ice                    2
   Confuse                            Hexes                        3
   Enslavement                        Hexes                        4
   Invisibility                       Hexes                        6


   Skills:
 + Level 3.1 Fighting
 * Level 6.4 Long Blades
 - Level 0.8 Armour
 + Level 4.4 Dodging
 - Level 2.5 Spellcasting
 + Level 5.7 Charms
 - Level 0.4 Translocations


You couldn't memorise any spells.
You knew the following spells:

 Your Spells              Type           Power        Failure   Level  Hunger
a - Infusion              Chrm           ###...       1%          1    #......
b - Song of Slaying       Chrm           ###.......   2%          2    ##.....
c - Shroud of Golubria    Chrm/Tloc      ##........   10%         2    ##.....
d - Spectral Weapon       Hex/Chrm       ##......     17%         3    ###....
e - Regeneration          Chrm/Necr      ##........   17%         3    ###....


Dungeon Overview and Level Annotations

Branches:
Dungeon (5/27)
 Temple: D:4-7

Altars:
Ashenzari
Okawaru
Yredelemnul

Shops:
D:4 /

Annotations:
D:5 Dowan, Duvessa, Prince Ribbit


Message History

You miscast Spectral Weapon.
Prince Ribbit croaks regally.
Casting: Spectral Weapon
Confirm with . or Enter, or press ? or * to list all spells.
Okay, then.
Casting: Spectral Weapon
Confirm with . or Enter, or press ? or * to list all spells.
You draw out your weapon's spirit!
You are feeling hungry.
You are feeling less magically infused.
You closely miss Prince Ribbit.
Your spectral weapon hits Prince Ribbit!
Prince Ribbit hits you!
* * * LOW HITPOINT WARNING * * *
Your shroud falls apart!
You hit Prince Ribbit.
Prince Ribbit is moderately wounded.
Your spectral weapon completely misses Prince Ribbit.
Prince Ribbit hits you!
You die...

.?......#
#..$.....##
#.........
#........####
#...........
##........###### .#
#......?........ ...
#....(....####.. .#
#.....F@........ .#
#.........####.. .#
#.........# .#
#.........#
.#########.........#
........##.#########
........##.#
........##.#
....#......#


You could see Prince Ribbit and a friendly spectral elven falchion.

Vanquished Creatures
  An ogre (D:4)
  A jellyfish (D:2)
  A hound (D:5)
  A centaur skeleton (D:4)
  2 big fish (D:2)
  An iguana (D:4)
  3 orc wizards
  11 adders
  4 green rats (Sewer)
  An inept item mimic (D:4)
  3 worms
  4 grey rats
  2 oozes
  5 orcs
  A bat skeleton (D:4)
  7 giant cockroaches
  12 hobgoblins
  10 jackals
  4 quokkas
  10 bats
  5 giant geckos
  15 giant newts
  7 goblins
  A hobgoblin skeleton (D:3)
  6 kobolds
  19 rats
137 creatures vanquished.

Vanquished Creatures (others)
  An orc wizard (D:4)
1 creature vanquished.

Grand Total: 138 creatures vanquished

Notes
Turn   | Place    | Note
--------------------------------------------------------------
     0 | D:1      | Malachi, the High Elf Skald, began the quest for the Orb.
     0 | D:1      | Reached XP level 1. HP: 13/13 MP: 4/4
   393 | D:1      | Reached skill level 4 in Charms
   432 | D:1      | Reached XP level 2. HP: 15/18 MP: 0/6
  1003 | D:2      | Reached XP level 3. HP: 15/23 MP: 4/8
  1062 | D:2      | Learned a level 2 spell: Song of Slaying
  1065 | D:2      | Learned a level 2 spell: Shroud of Golubria
  1077 | D:2      | Found a basalt altar of Yredelemnul.
  1078 | D:2      | Found an iron altar of Okawaru.
  1078 | D:2      | Found a shattered altar of Ashenzari.
  1107 | D:2      | Became a worshipper of Warmaster Okawaru
  1408 | D:2      | Noticed a jellyfish
  1417 | D:2      | Reached XP level 4. HP: 21/29 MP: 6/11
  1422 | D:2      | Killed a jellyfish
  1432 | D:2      | Reached XP level 5. HP: 11/34 MP: 9/13
  2869 | D:3      | Reached skill level 5 in Charms
  2986 | D:3      | Reached skill level 5 in Long Blades
  3091 | D:3      | Paralysed by a potion of paralysis for 7 turns
  3582 | D:4      | Reached XP level 6. HP: 23/40 MP: 10/15
  3655 | D:4      | Found a glowing drain.
  3758 | Sewer    | Entered a sewer
  3795 | Sewer    | Acquired Okawaru's first power
  5478 | D:4      | Reached skill level 6 in Long Blades
  5833 | D:4      | Reached XP level 7. HP: 38/45 MP: 14/18
  5867 | D:4      | Noticed an ogre
  5877 | D:4      | Killed an ogre
  6058 | D:4      | Learned a level 3 spell: Spectral Weapon
  6062 | D:4      | Learned a level 3 spell: Regeneration
  6082 | D:4      | Found Threnly's Magical Wand Emporium.
  6140 | D:5      | Entered Level 5 of the Dungeon
  6140 | D:5      | Noticed Duvessa
  6140 | D:5      | Noticed Dowan
  6142 | D:5      | Noticed Prince Ribbit
  6294 | D:5      | Slain by Prince Ribbit

Action                   |  1- 3 |  4- 6 |  7- 9 || total
-------------------------+-------+-------+-------++-------
Melee: Falchion          |    99 |   322 |    40 ||   461
 Cast: Infusion          |    11 |    27 |     4 ||    42
       Shroud of Golubri |     1 |    10 |     2 ||    13
       Song of Slaying   |     1 |     1 |       ||     2
       Spectral Weapon   |       |       |     2 ||     2
  Use: Potion            |     1 |     6 |       ||     7
       Scroll            |       |    15 |     1 ||    16
